 Dungeon Crawl Stone Soup version 0.31-a0-188-g5e087ee2ca (webtiles) character file.

Game seed: 12457255428051260429

15707 qw the Markself (level 12, -8/75 HPs)
             Began as a Deep Elf Hunter on June 23, 2023.
             Was an Elder of Okawaru.
             Mangled by a yak (13 damage)
             ... on level 1 of the Lair of Beasts.
             The game lasted 00:05:11 (10968 turns).

qw the Markself (Deep Elf Hunter)                  Turns: 10968, Time: 00:05:11

Health: -8/75      AC: 18    Str: 12    XL:     12   Next: 3%
Magic:  15/18      EV: 18    Int: 16    God:    Okawaru [****..]
Gold:   251        SH:  0    Dex: 21    Spells: 11/11 levels left

rFire   + + +        Y - +2 orcbow
rCold   + . .        (shield currently unavailable)
rNeg    + . .        b - +2 scale mail {rC+}
rPois   +            (helmet restricted)
rElec   .            f - +1 cloak
rCorr   .            t - +0 pair of gloves
SInv    +            (no boots)
Will    +....        d - amulet of the acrobat
Stlth   ++           m - ring of Qodiub {rPois rF+++ rN+ Dex-3 SInv}
HPRegen 0.32/turn    g - +6 ring of dexterity
MPRegen 0.16/turn

%: acrobat, clarity
@: heroic
A: antennae 1, iridescent scales 2, clarity
a: Renounce Religion, Heroism, Finesse


You were on level 1 of the Lair of Beasts.
You worshipped Okawaru.
Okawaru was greatly pleased with you.
You visited 3 branches of the dungeon, and saw 12 of its levels.

You collected 664 gold pieces.
You spent 413 gold pieces at shops.


Innate Abilities, Weirdness & Mutations

You have a pair of small antennae on your head.
You are mostly covered in iridescent scales. (AC +4)
You possess an exceptional clarity of mind.


   Skills:
 + Level 8.7(13.7) Fighting
 - Level 16.1(21.1) Ranged Weapons
 - Level 5.0(10.0) Armour
 - Level 11.2(16.2) Dodging
 - Level 1.2(6.2) Stealth
 + Level 5.3 Invocations


You had 11 spell levels left.
You didn't know any spells.
Your spell library was empty.

Inventory:

Hand Weapons
 Y - a +2 orcbow (weapon)
Armour
 b - a +2 scale mail of cold resistance (worn)
 f - a +1 cloak (worn)
 l - a +0 troll leather armour
 t - a +0 pair of gloves (worn)
Jewellery
 a - a +6 ring of strength
 d - an amulet of the acrobat (around neck)
 g - a +6 ring of dexterity (right hand)
 m - the ring of Qodiub (left hand) {rPois rF+++ rN+ Dex-3 SInv}
   (You found it on level 9 of the Dungeon)

   [ring of see invisible]

   Dex:       It affects your dexterity (-3).
   rF:        It renders you almost immune to fire.
   rPois:     It protects you from poison.
   rN:        It protects you from negative energy.
   SInv:      It lets you see invisible.
 n - a ring of willpower
 v - a +5 ring of evasion
Wands
 u - a wand of digging (6)
Scrolls
 j - 13 scrolls of identify
Potions
 c - 6 potions of curing
 e - 3 potions of mutation
 h - a potion of might
 i - 2 potions of enlightenment
 k - 3 potions of haste
 p - 2 potions of magic

Dungeon Overview and Level Annotations

Branches:
Dungeon (10/15)            Temple (1/1) D:4            Lair (1/5) D:10
    Orc (0/2) D:10

Altars:
Ashenzari
Cheibriados
Dithmenos
Elyvilon
Fedhas
Gozag
Hepliaklqana
Kikubaaqudgha
Makhleb
Nemelex Xobeh
Okawaru
Qazlal
Ru
Sif Muna
Trog
Uskayaw
Vehumet
Wu Jian
Xom
Yredelemnul
Zin
The Shining One

Shops:
D:3 [   D:4 !   D:8 :!?*!

Annotations:
D:6 1 runed translucent door, Crazy Yiuf
D:10 2 runed translucent doors, qw's ghost, novice DEHu


Message History

10960 ||| INVOKING Heroism.
You gain the combat prowess of a mighty hero.
You can no longer speed up your combat.
The yak gores you! The yak gores you but does no damage.
The yak barely misses you. The yak closely misses you. The yak misses you.
You shoot an arrow. The arrow hits the yak!
You kill the yak!
Okawaru accepts your kill.
You can now speed up your combat.
The yak closely misses you. The yak completely misses you.
The yak closely misses you. The yak gores you but does no damage.
You have reached level 12!
You feel clever.
You shoot an arrow.
The arrow hits the yak but does no damage.
The yak gores you but does no damage. The yak closely misses you.
The yak gores you! The yak gores you. The yak closely misses you.
You shoot an arrow.
The arrow hits the yak but does no damage.
The yak gores you! The yak barely misses you.
The yak gores you but does no damage. The yak closely misses you.
The yak misses you.
You shoot an arrow. The arrow hits the yak!
The yak is moderately wounded.
You shoot an arrow. The arrow hits the yak!!
You kill the yak!
Okawaru accepts your kill. The yak gores you but does no damage.
The yak gores you. The yak gores you but does no damage. The yak misses you.
You shoot an arrow. The arrow hits the yak!
The yak is moderately wounded.
The yak closely misses you. The yak gores you. The yak barely misses you.
The yak closely misses you.
You shoot an arrow. The arrow hits the yak!!
You kill the yak!
Okawaru accepts your kill. The yak completely misses you.
The yak gores you but does no damage. The yak misses you.
You shoot an arrow. The arrow hits the yak!
The yak is heavily wounded.
The yak misses you. The yak gores you. The yak gores you!
You die...

#.# ##........8..
#.## ##....#......
##..####..#..##.8.8.
#.........##........
##.........#........
#P..........#..#...#
##..........#..#####
#......####.#......
#Y@%..P# ##......
#YY...## ####+##
#.%...# #... #.....#
#... ......# #...
##...... ###...
#.....#. ####.##..
......... .........
.........


You could see 3 yaks.

Vanquished Creatures
  A catoblepas (Lair:1)
  Pikel (D:6)
  4 elephants (Lair:1)
  3 cane toads (Lair:1)
  Maggie (D:6)
  A rime drake (D:10)
  4 komodo dragons (Lair:1)
  2 trolls
  Prince Ribbit (D:7)
  Sigmund (D:3)
  19 yaks
  4 wyverns
  4 fire bats (D:10)
  Grum (D:8)
  5 water moccasins
  3 acid dragons
  A hell hound (D:10)
  3 black bears (D:6)
  An orc warrior (D:5)
  5 ice beasts
  10 wolves
  2 ogres
  5 centaurs
  A lemure (D:6)
  A kobold brigand (D:10)
  2 bullfrogs
  5 scorpions
  A gnoll sergeant (D:9)
  12 wights
  11 killer bees
  A howler monkey (D:5)
  2 lava snakes (D:10)
  7 hounds
  A jelly (D:3)
  A gnoll bouda (D:7)
  7 orc priests
  A sleepcap (D:5)
  An iguana (D:6)
  15 orc wizards
  12 gnolls
  9 adders
  A shadow imp (D:5)
  3 white imps
  An ufetubus (D:4)
  A worm (D:2)
  A dart slug (D:3)
  34 orcs
  3 bats
  6 endoplasms
  7 giant cockroaches
  5 goblins
  9 hobgoblins
  3 jackals (D:2)
  5 quokkas
  4 ball pythons
  2 frilled lizards
  10 kobolds
  6 rats
  A butterfly (D:4)
  3 fire vortices (D:10)
277 creatures vanquished.

Notes
Turn   | Place    | Note
-------+----------+-------------------------------------------
     0 | D:1      | qw the Deep Elf Hunter began the quest for the Orb.
     0 | D:1      | Reached XP level 1. HP: 12/12 MP: 3/3
     0 | D:1      | 0 ||| qw: Version: 0.3-a-9-g12657ce
     0 | D:1      | 0 ||| qw: Game counter: 4014
     0 | D:1      | 0 ||| qw: Always use a shield: true
     0 | D:1      | 0 ||| qw: God list: Okawaru
     0 | D:1      | 0 ||| qw: Allow faded altars: false
     0 | D:1      | 0 ||| qw: Do Orc after D:15 true
     0 | D:1      | 0 ||| qw: Do second Lair branch before Depths: true
     0 | D:1      | 0 ||| qw: Lair rune preference: random
     0 | D:1      | 0 ||| qw: Plans: Normal
     0 | D:1      | 0 ||| PLANNING D:1-11
    84 | D:1      | Reached skill level 6 in Ranged Weapons
    84 | D:1      | Reached XP level 2. HP: 16/16 MP: 4/4
   550 | D:1      | 550 ||| READING 2 scrolls labelled UGGECA FARRA.
   551 | D:1      | 551 ||| READING scroll labelled USIBESIQUI.
   552 | D:1      | 552 ||| READING scroll labelled BOESCH NEIT.
   553 | D:1      | 553 ||| READING scroll labelled SUIDGH WYSHIVVURUN.
   554 | D:1      | 554 ||| READING scroll labelled ENIRAT TEDASIA.
   555 | D:1      | 555 ||| READING scroll labelled YPNUGO FOALIODGH.
   556 | D:1      | 556 ||| READING 2 scrolls labelled VOROT PACHUISS.
   557 | D:1      | 557 ||| DROPPING scroll of vulnerability.
   558 | D:1      | 558 ||| DROPPING scroll of butterflies.
   559 | D:1      | 559 ||| DROPPING scroll of fog.
   613 | D:2      | Found a faded altar of an unknown god.
   829 | D:2      | Reached XP level 3. HP: 14/20 MP: 5/5
   923 | D:2      | 923 ||| Stepping ~*~*~tactically~*~*~ (water).
   990 | D:2      | Reached skill level 7 in Ranged Weapons
  1327 | D:2      | 1327 ||| UPGRADING to +6 ring of dexterity.
  1328 | D:2      | 1328 ||| READING scroll labelled JEPPUB NIEPNUO.
  1329 | D:2      | 1329 ||| READING 3 scrolls labelled UGRAIBB BIEPUGH.
  1330 | D:2      | 1330 ||| DRINKING 2 sedimented coppery potions.
  1331 | D:2      | 1331 ||| DROPPING 2 scrolls of blinking.
  1365 | D:3      | Found a white marble altar of Elyvilon.
  1372 | D:3      | 1372 ||| STAIRDANCE
  1426 | D:3      | Reached skill level 3 in Dodging
  1429 | D:3      | Reached XP level 4. HP: 25/25 MP: 6/6
  1477 | D:3      | Reached skill level 8 in Ranged Weapons
  1494 | D:3      | Noticed Sigmund
  1507 | D:3      | Killed Sigmund
  1508 | D:3      | Reached skill level 9 in Ranged Weapons
  1508 | D:3      | Reached XP level 5. HP: 11/29 MP: 7/7
  1508 | D:3      | Reached XP level 6. HP: 13/34 MP: 8/8
  1660 | D:3      | Found Ymuoch's Antique Armour Shop.
  1670 | D:3      | 1670 ||| BUYING cloak (99 gold).
  1670 | D:3      | Bought a cloak for 99 gold pieces
  1670 | D:3      | 1670 ||| SHOPLISTING thick robe (125 gold, have 57).
  1953 | D:3      | 1953 ||| UPGRADING to +0 ring mail.
  1963 | D:3      | 1963 ||| DROPPING +0 leather armour.
  1964 | D:3      | 1964 ||| UPGRADING to +0 cloak.
  1969 | D:3      | 1969 ||| UPGRADING to +5 ring of evasion.
  1970 | D:3      | 1970 ||| DRINKING 2 golden potions.
  2058 | D:4      | Reached skill level 10 in Ranged Weapons
  2073 | D:4      | Reached skill level 1 in Armour
  2165 | D:4      | Reached XP level 7. HP: 40/40 MP: 9/9
  2244 | D:4      | Found a staircase to the Ecumenical Temple.
  2245 | D:4      | 2245 ||| PLANNING TEMPLE
  2260 | D:4      | 2260 ||| DROPPING +4 ring of protection.
  2261 | D:4      | 2261 ||| DRINKING 2 fuming pink potions.
  2365 | D:4      | 2365 ||| DRINKING 2 fizzy clear potions.
  2366 | D:4      | 2366 ||| DROPPING potion of berserk rage.
  2376 | Temple   | Entered the Ecumenical Temple
  2384 | Temple   | 2384 ||| PLANNING OKAWARU WORSHIP
  2463 | Temple   | Became a worshipper of Warmaster Okawaru
  2464 | Temple   | 2464 ||| PLANNING D:1-11
  2603 | D:4      | Found Adwot's Distillery.
  2613 | D:4      | 2613 ||| BUYING potion of curing (36 gold).
  2613 | D:4      | Bought a potion of curing for 36 gold pieces
  2613 | D:4      | 2613 ||| BUYING potion of heal wounds (60 gold).
  2613 | D:4      | Bought a potion of heal wounds for 60 gold pieces
  2613 | D:4      | 2613 ||| SHOPLISTING potion of magic (96 gold, have 8).
  2613 | D:4      | 2613 ||| SHOPLISTING potion of mutation (96 gold, have 8).
  2613 | D:4      | 2613 ||| SHOPLISTING potion of resistance (120 gold, have
                  | 8).
  2702 | D:4      | Found a shimmering altar of Xom.
  3003 | D:4      | Found an opulent altar of Gozag.
  3043 | D:4      | 3043 ||| DRINKING 2 fuming emerald potions.
  3043 | D:4      | Gained mutation: You possess an exceptional clarity of
                  | mind. [potion of mutation]
  3043 | D:4      | Gained mutation: You are partially covered in iridescent
                  | scales. (AC +2) [potion of mutation]
  3043 | D:4      | Gained mutation: You are mostly covered in iridescent
                  | scales. (AC +4) [potion of mutation]
  3043 | D:4      | Gained mutation: You have a pair of small antennae on your
                  | head. [potion of mutation]
  3050 | D:5      | Entered Level 5 of the Dungeon
  3082 | D:5      | 3082 ||| Stepping ~*~*~tactically~*~*~ (outnumbered).
  3206 | D:5      | Reached skill level 11 in Ranged Weapons
  3323 | D:5      | Found a snail-covered altar of Cheibriados.
  3338 | D:5      | Reached * piety under Okawaru
  3348 | D:5      | Found a blossoming altar of Fedhas.
  3352 | D:5      | Found a hazy altar of Hepliaklqana.
  3358 | D:5      | Reached XP level 8. HP: 45/45 MP: 10/10
  3390 | D:5      | 3390 ||| INVOKING Heroism.
  3391 | D:5      | 3391 ||| Stepping ~*~*~tactically~*~*~ (outnumbered).
  3410 | D:5      | HP: 8/45 [orc warrior/+0 war axe (14)]
  3411 | D:5      | 3411 ||| DRINKING 2 potions of heal wounds.
  3420 | D:5      | HP: 10/45 [orc warrior/+0 war axe (4)]
  3421 | D:5      | 3421 ||| DRINKING potion of heal wounds.
  3432 | D:5      | HP: 6/45 [orc wizard/puff of flame (9)]
  3434 | D:5      | Reached skill level 12 in Ranged Weapons
  3437 | D:5      | HP: 2/45 [orc/+0 club (5)]
  3449 | D:5      | HP: 3/45 [something/puff of flame (1)]
  3622 | D:5      | 3622 ||| SWAPPING to +0 orcbow.
  3623 | D:5      | 3623 ||| DROPPING +1 shortbow.
  3734 | D:5      | Reached skill level 3 in Fighting
  3734 | D:5      | Reached skill level 1 in Invocations
  3792 | D:5      | 3792 ||| INVOKING Heroism.
  4129 | D:5      | Reached skill level 3 in Invocations
  4285 | D:5      | 4285 ||| DROPPING +6 ring of intelligence.
  4286 | D:5      | 4286 ||| DRINKING 3 coppery potions.
  4287 | D:5      | 4287 ||| READING 2 scrolls of identify.
  4287 | D:5      | 4287 ||| IDENTIFYING puce potion
  4288 | D:5      | 4288 ||| DROPPING 2 potions of brilliance.
  4335 | D:6      | 4335 ||| INVOKING Heroism.
  4364 | D:6      | 4364 ||| READING scroll of enchant weapon.
  4364 | D:6      | 4364 ||| ENCHANTING +0 orcbow.
  4463 | D:6      | 4463 ||| INVOKING Heroism.
  4470 | D:6      | 4470 ||| Stepping ~*~*~tactically~*~*~ (outnumbered).
  4471 | D:6      | 4471 ||| Stepping ~*~*~tactically~*~*~ (outnumbered).
  4473 | D:6      | Reached skill level 13 in Ranged Weapons
  4495 | D:6      | Reached XP level 9. HP: 26/50 MP: 14/14
  4497 | D:6      | 4497 ||| INVOKING Heroism.
  4578 | D:6      | Noticed Pikel
  4579 | D:6      | 4579 ||| INVOKING Heroism.
  4594 | D:6      | Killed Pikel
  4594 | D:6      | Reached ** piety under Okawaru
  4595 | D:6      | Reached skill level 14 in Ranged Weapons
  4613 | D:6      | 4613 ||| FLEEEEING.
  4616 | D:6      | 4616 ||| STAIRDANCE
  4639 | D:5      | 4639 ||| READING scroll labelled QEIKKANGINIT.
  4693 | D:6      | 4693 ||| INVOKING Heroism.
  4746 | D:6      | 4746 ||| INVOKING Heroism.
  4763 | D:6      | Reached skill level 6 in Dodging
  4776 | D:6      | Noticed Maggie
  4785 | D:6      | 4785 ||| INVOKING Heroism.
  4788 | D:6      | Killed Maggie
  4789 | D:6      | Reached skill level 15 in Ranged Weapons
  5048 | D:6      | Found a runed translucent door.
  5049 | D:6      | Noticed Crazy Yiuf
  5160 | D:6      | 5160 ||| DRINKING 2 brown potions.
  5190 | D:7      | 5190 ||| STAIRDANCE
  5268 | D:7      | 5268 ||| STAIRDANCE
  5396 | D:7      | 5396 ||| STAIRDANCE
  5496 | D:7      | 5496 ||| Stepping ~*~*~tactically~*~*~ (outnumbered).
  5510 | D:7      | Noticed Prince Ribbit
  5511 | D:7      | 5511 ||| INVOKING Heroism.
  5519 | D:7      | Killed Prince Ribbit
  5568 | D:7      | 5568 ||| INVOKING Heroism.
  5695 | D:7      | 5695 ||| INVOKING Heroism.
  5708 | D:7      | Reached XP level 10. HP: 56/56 MP: 13/15
  5725 | D:7      | 5725 ||| READING scroll labelled SESTON JATOV UFIE.
  5726 | D:7      | 5726 ||| Stepping randomly (disturbance).
  5926 | D:7      | Found a glowing silver altar of Zin.
  6085 | D:7      | 6085 ||| UPGRADING to +1 leather armour of cold resistance.
  6095 | D:7      | 6095 ||| READING scroll labelled POGALA DIUB.
  6131 | D:8      | Reached skill level 16 in Ranged Weapons
  6145 | D:8      | 6145 ||| STAIRDANCE
  6186 | D:8      | 6186 ||| STAIRDANCE
  6188 | D:7      | 6188 ||| INVOKING Heroism.
  6332 | D:8      | Found Ytuduemn's Book Boutique.
  6422 | D:8      | 6422 ||| INVOKING Heroism.
  6553 | D:8      | Noticed Grum
  6554 | D:8      | 6554 ||| INVOKING Heroism.
  6556 | D:8      | Reached skill level 9 in Dodging
  6561 | D:8      | Killed Grum
  6651 | D:8      | Found Ycihosuh's Magic Scroll Emporium.
  6655 | D:8      | 6655 ||| BUYING 3 scrolls of identify (66 gold).
  6655 | D:8      | Bought 3 scrolls of identify for 66 gold pieces
  6655 | D:8      | 6655 ||| BUYING scroll of identify (22 gold).
  6655 | D:8      | Bought a scroll of identify for 22 gold pieces
  6655 | D:8      | 6655 ||| BUYING scroll of identify (22 gold).
  6655 | D:8      | Bought a scroll of identify for 22 gold pieces
  6655 | D:8      | 6655 ||| BUYING scroll of teleportation (33 gold).
  6655 | D:8      | Bought a scroll of teleportation for 33 gold pieces
  6665 | D:8      | Found Safa's Distillery.
  6677 | D:8      | 6677 ||| SHOPLISTING potion of curing (36 gold, have 35).
  6677 | D:8      | 6677 ||| SHOPLISTING potion of haste (120 gold, have 35).
  6677 | D:8      | 6677 ||| SHOPLISTING potion of might (48 gold, have 35).
  6677 | D:8      | 6677 ||| SHOPLISTING potion of mutation (96 gold, have 35).
  6695 | D:8      | Found Fapu's Assorted Antiques.
  6705 | D:8      | 6705 ||| SHOPLISTING potion of haste (290 gold, have 35).
  6705 | D:8      | 6705 ||| SHOPLISTING potion of might (116 gold, have 35).
  6705 | D:8      | 6705 ||| SHOPLISTING scroll of identify (58 gold, have 35).
  7051 | D:8      | Found Kituxt's Distillery.
  7054 | D:8      | 7054 ||| SHOPLISTING 2 potions of experience (1500 gold,
                  | have 80).
  7054 | D:8      | 7054 ||| SHOPLISTING potion of cancellation (120 gold, have
                  | 80).
  7054 | D:8      | 7054 ||| BUYING potion of heal wounds (75 gold).
  7054 | D:8      | Bought a potion of heal wounds for 75 gold pieces
  7054 | D:8      | 7054 ||| SHOPLISTING potion of heal wounds (75 gold, have
                  | 5).
  7054 | D:8      | 7054 ||| SHOPLISTING potion of mutation (120 gold, have 5).
  7191 | D:8      | 7191 ||| DROPPING amulet of magic regeneration.
  7192 | D:8      | 7192 ||| READING 8 scrolls of identify.
  7192 | D:8      | 7192 ||| IDENTIFYING green potion
  7193 | D:8      | 7193 ||| READING 7 scrolls of identify.
  7193 | D:8      | 7193 ||| IDENTIFYING bubbling white potion
  7194 | D:8      | 7194 ||| READING 6 scrolls of identify.
  7194 | D:8      | 7194 ||| IDENTIFYING smoky clear potion
  7195 | D:8      | 7195 ||| DROPPING potion of attraction.
  7196 | D:8      | 7196 ||| DROPPING potion of degeneration.
  7250 | D:9      | 7250 ||| INVOKING Heroism.
  7257 | D:9      | HP: 12/59 [yak (6)]
  7258 | D:9      | 7258 ||| READING scroll of teleportation.
  7259 | D:9      | 7259 ||| DRINKING 2 potions of heal wounds.
  7278 | D:9      | 7278 ||| INVOKING Heroism.
  7381 | D:9      | Identified the ring of Qodiub {rPois rF+++ rN+ Dex-3 SInv}
  7384 | D:9      | 7384 ||| INVOKING Heroism.
  7512 | D:9      | Identified the +1 cloak of Hedge Wizardry {Stlth+}
  7553 | D:9      | 7553 ||| Stepping ~*~*~tactically~*~*~ (outnumbered).
  7555 | D:9      | 7555 ||| Stepping ~*~*~tactically~*~*~ (outnumbered).
  7557 | D:9      | 7557 ||| Stepping ~*~*~tactically~*~*~ (outnumbered).
  7559 | D:9      | 7559 ||| Stepping ~*~*~tactically~*~*~ (outnumbered).
  7616 | D:9      | Reached skill level 6 in Fighting
  7625 | D:9      | 7625 ||| INVOKING Heroism.
  7832 | D:9      | Reached *** piety under Okawaru
  7882 | D:9      | 7882 ||| Stepping ~*~*~tactically~*~*~ (outnumbered).
  8093 | D:9      | 8093 ||| READING scroll of enchant armour.
  8093 | D:9      | 8093 ||| ENCHANTING +0 cloak.
  8120 | D:9      | 8120 ||| READING scroll of enchant weapon.
  8120 | D:9      | 8120 ||| ENCHANTING +1 orcbow.
  8297 | D:9      | 8297 ||| DROPPING +0 ring mail.
  8298 | D:9      | 8298 ||| UPGRADING to +0 troll leather armour.
  8308 | D:9      | 8308 ||| DROPPING +0 robe of fire resistance.
  8309 | D:9      | 8309 ||| DROPPING +1 leather armour of cold resistance.
  8310 | D:9      | 8310 ||| DROPPING +1 cloak of Hedge Wizardry {Stlth+}.
  8311 | D:9      | 8311 ||| UPGRADING to +0 pair of gloves.
  8316 | D:9      | 8316 ||| UPGRADING to ring of Qodiub {rPois rF+++ rN+ Dex-3
                  | SInv}.
  8318 | D:9      | 8318 ||| UPGRADING to +6 ring of dexterity.
  8320 | D:9      | 8320 ||| READING scroll labelled BEUBISCH WESUUQOL.
  8344 | D:9      | 8344 ||| READING 9 scrolls of identify.
  8344 | D:9      | 8344 ||| IDENTIFYING bubbling silvery potion
  8345 | D:9      | 8345 ||| DROPPING potion of ambrosia.
  8375 | D:10     | Entered Level 10 of the Dungeon
  8378 | D:10     | 8378 ||| STAIRDANCE
  8407 | D:10     | 8407 ||| INVOKING Heroism.
  8413 | D:10     | Reached XP level 11. HP: 47/64 MP: 13/16
  8470 | D:10     | 8470 ||| INVOKING Heroism.
  8525 | D:10     | Found a large runed translucent door.
  8525 | D:10     | Found a large runed translucent door.
  8530 | D:10     | Noticed qw's ghost (novice DEHu)
  8555 | D:10     | Found a burning altar of Makhleb.
  8638 | D:10     | Found a staircase to the Lair.
  8704 | D:10     | Found a staircase to the Orcish Mines.
  9193 | D:10     | 9193 ||| Stepping ~*~*~tactically~*~*~ (outnumbered).
  9196 | D:10     | 9196 ||| Stepping ~*~*~tactically~*~*~ (outnumbered).
  9233 | D:10     | 9233 ||| Stepping ~*~*~tactically~*~*~ (outnumbered).
  9235 | D:10     | 9235 ||| Stepping ~*~*~tactically~*~*~ (outnumbered).
  9239 | D:10     | 9239 ||| Stepping ~*~*~tactically~*~*~ (outnumbered).
  9243 | D:10     | 9243 ||| Stepping ~*~*~tactically~*~*~ (outnumbered).
  9248 | D:10     | 9248 ||| Stepping ~*~*~tactically~*~*~ (outnumbered).
  9253 | D:10     | 9253 ||| Stepping ~*~*~tactically~*~*~ (outnumbered).
  9257 | D:10     | 9257 ||| Stepping ~*~*~tactically~*~*~ (outnumbered).
  9262 | D:10     | 9262 ||| Stepping ~*~*~tactically~*~*~ (outnumbered).
  9264 | D:10     | 9264 ||| Stepping ~*~*~tactically~*~*~ (outnumbered).
  9266 | D:10     | 9266 ||| Stepping ~*~*~tactically~*~*~ (outnumbered).
  9270 | D:10     | 9270 ||| Stepping ~*~*~tactically~*~*~ (outnumbered).
  9272 | D:10     | 9272 ||| Stepping ~*~*~tactically~*~*~ (outnumbered).
  9275 | D:10     | 9275 ||| Stepping ~*~*~tactically~*~*~ (outnumbered).
  9431 | D:10     | Noticed a balrug
  9457 | D:10     | 9457 ||| UPGRADING to +2 scale mail of cold resistance.
  9467 | D:10     | 9467 ||| PLANNING LAIR
  9467 | D:10     | 9467 ||| UPGRADING to amulet of the acrobat.
  9515 | Lair:1   | Entered Level 1 of the Lair of Beasts
  9516 | Lair:1   | 9516 ||| INVOKING Heroism.
  9534 | Lair:1   | Reached **** piety under Okawaru
  9538 | Lair:1   | Reached skill level 3 in Armour
  9554 | Lair:1   | 9554 ||| INVOKING Heroism.
  9567 | Lair:1   | HP: 16/67 [poisoned by a cane toad]
  9658 | Lair:1   | 9658 ||| INVOKING Heroism.
  9768 | Lair:1   | Noticed a catoblepas
  9771 | Lair:1   | 9771 ||| INVOKING Heroism.
  9773 | Lair:1   | 9773 ||| Stepping ~*~*~tactically~*~*~ (cloud).
  9777 | Lair:1   | 9777 ||| Stepping ~*~*~tactically~*~*~ (cloud).
  9780 | Lair:1   | 9780 ||| DRINKING potion of cancellation.
  9781 | Lair:1   | 9781 ||| Stepping ~*~*~tactically~*~*~ (cloud).
  9785 | Lair:1   | HP: 16/67 [catoblepas (7)]
  9789 | Lair:1   | 9789 ||| DRINKING 2 potions of heal wounds.
  9790 | Lair:1   | 9790 ||| Stepping ~*~*~tactically~*~*~ (cloud).
  9791 | Lair:1   | 9791 ||| INVOKING Heroism.
  9791 | Lair:1   | HP: 8/67 [catoblepas (25)]
  9792 | Lair:1   | 9792 ||| DRINKING potion of heal wounds.
  9798 | Lair:1   | 9798 ||| Stepping ~*~*~tactically~*~*~ (cloud).
  9800 | Lair:1   | Killed a catoblepas
  9801 | Lair:1   | 9801 ||| Stepping ~*~*~tactically~*~*~ (cloud).
  9951 | Lair:1   | 9951 ||| INVOKING Heroism.
 10126 | Lair:1   | 10126 ||| INVOKING Heroism.
 10171 | Lair:1   | 10171 ||| INVOKING Heroism.
 10196 | Lair:1   | 10196 ||| INVOKING Heroism.
 10328 | Lair:1   | 10328 ||| INVOKING Heroism.
 10429 | Lair:1   | 10429 ||| INVOKING Heroism.
 10625 | Lair:1   | 10625 ||| INVOKING Heroism.
 10960 | Lair:1   | 10960 ||| INVOKING Heroism.
 10962 | Lair:1   | Reached XP level 12. HP: 41/75 MP: 14/17
 10963 | Lair:1   | HP: 17/75 [yak (12)]
 10968 | Lair:1   | HP: 5/75 [yak (4)]
 10968 | Lair:1   | Mangled by a yak

Levels and vault maps discovered:
D:1:      amcnicky_arrival_feature_with_door, layout_basic,
          chequers_serial_rivers_micro_e, minmay_misc_feat_rows,
          minmay_tetromino_i4
D:2:      layout_basic, ebering_ecumenical_altar_box, kennysheep_boxes
D:3:      layout_basic, general_overflow_altar, serial_shops, shop, uniq_sigmund
D:4:      layout_loops_corners, xom_butterflies, mainiacjoe_overflow_boulevard,
          temple_green, serial_shops, nicolae_lakefront_shop
D:5:      layout_basic, grunt_temple_overflow_open, dk_rats_in_the_wall
D:6:      layout_cave_pools, uniq_maggie, uniq_crazy_yiuf_cottage, uniq_pikel
D:7:      layout_rooms, mainiacjoe_overflow_alcove_2, uniq_prince_ribbit1
D:8:      layout_basic, serial_shops, shop, nicolae_shop_pleasant_corner_grove,
          shop, nicolae_shop_crystal, kennysheep_mini_moat, uniq_grum
D:9:      nicolae_cairo_tiling_large, layout_irregular_city
D:10:     layout_basic, makhleb_altar_promises_db, hellmonk_lair_entry_icy,
          ebering_ghost_disaster_area, minmay_large_rounded_square,
          hangedman_incinerator
Temple:   zaba_magenta_temple
Lair:1:   layout_chaotic_city, grunt_megastairs_2

Skill      XL: |  1  2  3  4  5  6  7  8  9 10 11 |
---------------+----------------------------------+-----
Ranged Weapons | 6 7 9 10 11 13 15 16 | 16.1
Dodging        | 3 4 5 7 10 11 | 11.2
Fighting       | 2 3 4 6 8 |  8.7
Armour         | 1 5 |  5.0
Invocations    | 4 5 |  5.3
Stealth        | |  1.2

Action                     |  1- 3 |  4- 6 |  7- 9 | 10-12 || total
---------------------------+-------+-------+-------+-------++-------
   Fire: Shortbow          |   112 |    99 |   151 |       ||   362
         Orcbow            |       |       |   230 |   661 ||   891
 Invoke: Heroism           |       |       |    12 |    22 ||    34
    Use: Scroll            |     9 |       |     3 |    10 ||    22
         Potion            |     1 |     1 |     7 |     4 ||    13
 Armour: Leather armour    |    12 |     8 |       |    15 ||    35
         Ring mail         |       |     3 |    42 |     3 ||    48
         Scale mail        |       |       |       |    78 ||    78
         Troll leather arm |       |       |       |    33 ||    33
  Dodge: Dodged            |    18 |    27 |   172 |   452 ||   669

Table legend:
 A = Non-vault XP
 B = Vault XP
 C = Vault XP percentage of total XP
 D = Non-vault monster count
 E = Vault monster count
 F = Vault count percentage of total count
                 A         B        C        D         E       F
            +---------+---------+-------+---------+---------+-------
      Total |   17997 |    4442 |  19.8 |     247 |      25 |   9.2
            +---------+---------+-------+---------+---------+-------
        D:1 |      17 |       6 |  26.1 |      11 |       3 |  21.4
        D:2 |      52 |       0 |   0.0 |      21 |       0 |   0.0
        D:3 |     142 |     223 |  61.1 |      22 |       1 |   4.3
        D:4 |     450 |       0 |   0.0 |      18 |       0 |   0.0
        D:5 |    1260 |       0 |   0.0 |      28 |       0 |   0.0
        D:6 |    1445 |    1071 |  42.6 |      26 |       2 |   7.1
        D:7 |    1314 |     259 |  16.5 |      25 |       1 |   3.8
        D:8 |    1466 |     524 |  26.3 |      24 |       4 |  14.3
        D:9 |    2655 |       0 |   0.0 |      24 |       0 |   0.0
       D:10 |    1396 |    1879 |  57.4 |      22 |      12 |  35.3
     Lair:1 |    7800 |     480 |   5.8 |      26 |       2 |   7.1
            +---------+---------+-------+---------+---------+-------
